 Dungeon Crawl Stone Soup version 0.30-a0-718-geaa24f58ff (webtiles) character file.

Game seed: 18406791829722757458

3453 drugrobin the Grappler (level 9, -13/71 HPs)
             Began as a Demigod Delver on Jan 26, 2023.
             Shot with an arrow by a centaur warrior (25 damage)
             ... on level 8 of the Dungeon.
             The game lasted 00:27:56 (9245 turns).

drugrobin the Grappler (Demigod Delver)             Turns: 9245, Time: 00:27:56

Health: -13/71     AC: 10    Str: 21    XL:     9   Next: 49%
Magic:  11/11      EV: 13    Int: 12    God:
Gold:   543        SH:  0    Dex: 19    Spells: 8/8 levels left

rFire   + . .      SeeInvis .      - Unarmed
rCold   x . .      Faith    .    (no shield)
rNeg    . . .      Spirit   .    M - +0 chain mail
rPois   .          Reflect  .    o - +0 helmet
rElec   .          Harm     .    (no cloak)
rCorr   .          Rampage  .    (no gloves)
Will    .....                    N - +0 pair of boots Stlth
                                 (no amulet)
HPRegen 0.31/turn                J - +5 ring of evasion
MPRegen 0.12/turn                u - ring of fire

@: studying Throwing
A: high MP 1, forlorn, divine attributes
a: no special abilities


You were on level 8 of the Dungeon.
You visited 2 branches of the dungeon, and saw 9 of its levels.
You also visited: Ossuary.

You collected 543 gold pieces.

Inventory:

Hand Weapons
 b - a +2 dagger of venom
 i - a +1 hand axe of flaming
 B - a +2 dagger of freezing
Missiles
 c - a throwing net
 r - a boomerang (quivered)
 y - 7 javelins
 A - 7 poisoned darts
Armour
 o - a +0 helmet (worn)
 M - a +0 chain mail (worn)
 N - a +0 pair of boots (worn)
 P - a +0 scale mail
 T - a +0 buckler
Jewellery
 u - a ring of fire (right hand)
 J - a +5 ring of evasion (left hand)
 Q - a ring of poison resistance
Wands
 f - a wand of digging (3)
 L - a wand of light (6)
 O - a wand of mindburst (8)
Scrolls
 d - 6 scrolls of fear
 g - a scroll of magic mapping
 j - 7 scrolls of identify {unknown}
 k - a scroll of blinking {unknown}
 p - 5 scrolls of fog
 t - 3 scrolls of teleportation {unknown}
 w - a scroll of enchant weapon {unknown}
 C - 2 scrolls of poison {unknown}
 D - a scroll of silence {unknown}
 E - 2 scrolls of noise {unknown}
 F - a scroll of brand weapon {unknown}
 G - a scroll of immolation {unknown}
 H - 2 scrolls of enchant armour {unknown}
 I - a scroll of summoning {unknown}
 K - a scroll of acquirement {unknown}
 S - a scroll of vulnerability {unknown}
Potions
 a - 2 potions of ambrosia {unknown}
 e - 3 potions of haste
 h - a potion of cancellation {unknown}
 l - 2 potions of brilliance {unknown}
 m - 6 potions of curing {unknown}
 n - a potion of lignification {unknown}
 q - 2 potions of might {unknown}
 s - a potion of resistance {unknown}
 v - 3 potions of mutation {unknown}
 x - 3 potions of magic {unknown}
 z - 2 potions of heal wounds {unknown}
 R - a potion of attraction {unknown}


   Skills:
 + Level 3.8 Fighting
 - Level 4.0 Throwing
 - Level 1.8 Dodging
 - Level 4.5 Stealth
 * Level 11.7 Unarmed Combat
 + Level 3.4 Evocations


You had 8 spell levels left.
You didn't know any spells.
Your spell library contained the following spells:

 Spells                   Type           Power      Damage    Failure   Level
 Freeze                   Ice            0%         1d3       98%         1
 Frozen Ramparts          Ice            0%         1d1       100%        3
 Hailstorm                Conj/Ice       0%         3d3       100%        3
 Ignite Poison            Fire/Tmut/Pois 0%         N/A       100%        3
 Kindle Blastsparks       Fire/Tloc/Air  0%         2d10      100%        3
 Freezing Cloud           Conj/Ice/Air   0%         6-21      100%        5


Dungeon Overview and Level Annotations

Branches:
Dungeon (8/15)             Temple (1/1) D:4         Ossuary (visited)
   Lair: D:8-11

Annotations:
D:3 1 runed translucent door, exclusion: 2 orc wizards, Crazy Yiuf


Innate Abilities, Weirdness & Mutations

You have an increased reservoir of magic. (+10% MP)
You shall have no god before yourself.
Your divine heritage dramatically boosts your attributes as you level up.


Message History

The boomerang barely misses the lava snake.
The lava snake hisses angrily.
The lava snake spits lava at you. The glob of lava misses you.
Unknown command.
You miss the lava snake. You closely miss the lava snake.
The lava snake spits lava at you. The glob of lava hits you.
You partially resist.
You closely miss the lava snake.
The lava snake bites you but does no damage.
You miss the lava snake. The lava snake misses you.
You punch the lava snake!
The lava snake is almost dead.
The lava snake closely misses you.
You miss the lava snake.
The lava snake is almost dead.
The centaur warrior shouts!
The centaur warrior wields a +0 shortbow.
The centaur warrior shoots an arrow.
The arrow hits you.
You miss the lava snake.
The lava snake is almost dead.
The lava snake bites you but does no damage.
The centaur warrior shoots an arrow.
The arrow barely misses you.
You hit the lava snake.
The lava snake is almost dead.
The lava snake bites you.
You are engulfed in flames.
You resist.
You hit the lava snake.
You kill the lava snake!
The centaur warrior shoots an arrow.
The arrow barely misses you.
Unknown command.
Unknown command.
Unknown command.
Unknown command.
The centaur warrior shoots an arrow.
The arrow hits you.
The centaur warrior shoots an arrow.
The arrow hits you!!
The centaur warrior shoots an arrow.
The arrow hits you!
* * * LOW HITPOINT WARNING * * *
The centaur warrior shoots an arrow.
The arrow hits you!!
You die...

##########....<....#
#.......### ######
#######.# ##..... #.#
#...... #<######
#..#### ##.##...#
#..# # #.......#
#..#### ≈≈# #..##...#
#...... ≈≈≈≈
#.@###.## #..####
#≈§≈≈#..# #.# #..#
#8≈≈≈..# #.######..#
≈≈ .##.≈§≈.#
#......)..# ≈≈
..#8)≈≈≈##########.##
≈≈# ..'c.>≈≈.#
#.##### ≈≈#..
..'...≈≈.# #......
§≈#..### ..#8.≈≈≈.#
#.##### ≈§##....
.##.§≈≈..# #.#


You could see a centaur warrior.

Vanquished Creatures
  Pikel (D:7)
  Prince Ribbit (D:5)
  A steam dragon (D:8)
  Menkaure (D:6)
  A water moccasin (D:8)
  2 orc warriors
  2 ogres
  2 centaurs
  2 lemures (D:7)
  A phantom (D:5)
  An elf zombie (Ossuary)
  2 necrophages
  3 bullfrogs
  2 scorpions
  2 howler monkeys (D:5)
  3 lava snakes (D:8)
  A centaur zombie (Ossuary)
  A human zombie (Ossuary)
  5 hounds
  2 jellies
  5 orc priests
  2 iguanas
  Terence (D:3)
  10 orc wizards
  3 hound zombies (Ossuary)
  3 mummies (Ossuary)
  Robin (D:2)
  7 gnolls
  8 adders
  4 shadow imps
  3 white imps
  An ufetubus (D:6)
  2 adder zombies (Ossuary)
  A worm (D:2)
  3 dart slugs (D:1)
  39 orcs
  4 bats
  4 endoplasms
  5 giant cockroaches
  2 gnoll zombies (Ossuary)
  17 goblins
  6 hobgoblins
  6 jackals (D:2)
  7 kobolds
  4 quokkas
  9 ball pythons
  9 frilled lizards
  3 goblin zombies (Ossuary)
  A jackal zombie (Ossuary)
  4 kobold zombies (Ossuary)
  4 orc zombies (Ossuary)
  3 quokka zombies (Ossuary)
  6 rats
  7 rat zombies (Ossuary)
230 creatures vanquished.

Notes
Turn   | Place    | Note
-------+----------+-------------------------------------------
     0 | D:5      | drugrobin the Demigod Delver began the quest for the Orb.
     0 | D:5      | Reached XP level 1. HP: 18/18 MP: 3/3
    18 | D:4      | Found a sand-covered staircase.
    22 | D:4      | Found a staircase to the Ecumenical Temple.
    22 | D:4      | Noticed an orc priest
   337 | Ossuary  | Entered an ossuary
   382 | Ossuary  | Reached skill level 2 in Unarmed Combat
   449 | Ossuary  | Reached XP level 2. HP: 17/25 MP: 4/4
   563 | Ossuary  | Reached skill level 3 in Unarmed Combat
   563 | Ossuary  | Reached XP level 3. HP: 12/30 MP: 5/5
   774 | Ossuary  | Reached skill level 4 in Unarmed Combat
   774 | Ossuary  | Reached XP level 4. HP: 19/37 MP: 6/6
  1114 | Ossuary  | Reached skill level 5 in Unarmed Combat
  1114 | Ossuary  | Reached XP level 5. HP: 25/42 MP: 7/7
  1456 | D:3      | Found a runed translucent door.
  1457 | D:3      | Noticed Crazy Yiuf
  1876 | D:3      | Reached skill level 6 in Unarmed Combat
  1876 | D:3      | Reached XP level 6. HP: 22/50 MP: 8/8
  1930 | D:3      | Noticed Terence
  2083 | D:2      | Noticed Robin
  2897 | D:2      | Killed Robin
  2898 | D:2      | Reached skill level 1 in Throwing
  3631 | D:3      | Killed Terence
  4184 | D:4      | Reached XP level 7. HP: 50/56 MP: 9/9
  4403 | D:4      | Reached skill level 7 in Unarmed Combat
  4832 | Temple   | Entered the Ecumenical Temple
  5573 | D:5      | Reached skill level 8 in Unarmed Combat
  5896 | D:5      | Reached XP level 8. HP: 56/62 MP: 10/10
  6061 | D:5      | Reached skill level 9 in Unarmed Combat
  6152 | D:6      | Noticed Prince Ribbit
  6168 | D:6      | Noticed Menkaure
  6189 | D:5      | Killed Prince Ribbit
  6326 | D:6      | Killed Menkaure
  6327 | D:6      | Reached skill level 10 in Unarmed Combat
  7243 | D:7      | Noticed Pikel
  7271 | D:7      | Killed Pikel
  7272 | D:7      | Reached skill level 1 in Evocations
  7272 | D:7      | Reached XP level 9. HP: 56/68 MP: 11/11
  7404 | D:7      | Reached skill level 11 in Unarmed Combat
  8424 | D:8      | Noticed a centaur warrior
  9245 | D:8      | Shot with an arrow by a centaur warrior

Illustrated notes

Levels and vault maps discovered:
D:1:      amcnicky_arrival_choice, layout_rooms
D:2:      layout_basic, kennysheep_generic_room_4, uniq_robin
D:3:      layout_rooms, nicolae_uskayaw_dance_hall, eino_tiny_chamber,
          uniq_crazy_yiuf_cottage, uniq_terence
D:4:      layout_basic, minmay_temple_entry_proselytizer, enter_ossuary_1
D:5:      layout_rooms, hangedman_glass_teeth
D:6:      layout_cave_pools, minmay_misc_feat_nine_boxes,
          chequers_serial_rivers_room_b, uniq_menkaure, uniq_prince_ribbit1
D:7:      layout_cave_pods, minmay_a_box_with_orc_wizards_in_it, uniq_pikel
D:8:      layout_loops_ring, kennysheep_island_fort
Temple:   compressed_dpeg_circular_temple

Skill      XL: |  1  2  3  4  5  6  7  8  9 |
---------------+----------------------------+-----
Unarmed Combat | 2 3 4 5 6 8 10 11 | 11.7
Throwing       | 2 4 |  4.0
Evocations     | 1 3 |  3.4
Fighting       | 3 |  3.8
Dodging        | |  1.8
Stealth        | |  4.5

Action                     |  1- 3 |  4- 6 |  7- 9 || total
---------------------------+-------+-------+-------++-------
  Melee: Unarmed           |   117 |   394 |   272 ||   783
         Punch             |     4 |    17 |    19 ||    40
         Short sword       |       |     2 |       ||     2
         Trident           |       |       |    23 ||    23
         Dagger            |       |       |    11 ||    11
   Fire: Sling             |       |    15 |     8 ||    23
  Throw: Boomerang         |       |    27 |    91 ||   118
         Dart              |       |     1 |     5 ||     6
         Javelin           |       |       |     1 ||     1
         Throwing net      |       |       |     2 ||     2
  Evoke: Wand              |     2 |     1 |     9 ||    12
    Use: Scroll            |     1 |       |       ||     1
   Stab: Sleeping          |       |    16 |       ||    16
         Held in net/web   |       |       |     1 ||     1
 Armour: Leather armour    |    24 |    19 |       ||    43
         Ring mail         |       |    77 |    38 ||   115
         Scale mail        |       |       |     4 ||     4
         Chain mail        |       |       |    26 ||    26
  Dodge: Dodged            |    68 |   176 |   169 ||   413

Table legend: (Time is in decaauts)
 A = Elapsed time spent in this place.
 B = Non-inter-level travel time spent in this place.
 C = Inter-level travel time spent in this place.
 D = Time resting spent in this place.
 E = Time spent auto-exploring this place.
 F = Levels seen in this place.
 G = Mean time per level.
                   A        B        C        D        E       F      G
               +--------+--------+--------+--------+--------+-----+--------+
         Total |   9177 |   8465 |    712 |   1542 |   4208 |  10 |  917.7 |
       Dungeon |   8249 |   7537 |    712 |   1307 |   4117 |   8 | 1031.1 |
        Temple |      1 |      1 |      0 |      0 |      0 |   1 |    1.0 |
       Ossuary |    926 |    926 |      0 |    235 |     91 |   1 |  926.0 |
               +--------+--------+--------+--------+--------+-----+--------+

Top non-repeatable levels by time:
     D:4: 1806 daAuts
     D:3: 1218 daAuts
     D:8: 1042 daAuts
     D:2: 1021 daAuts
     D:7: 939 daAuts
 Ossuary: 926 daAuts
     D:5: 897 daAuts
     D:6: 774 daAuts
     D:1: 549 daAuts
  Temple: 1 daAuts
